 Dungeon Crawl Stone Soup version 0.30.1-11-g7821555f0a (webtiles) character file.

Game seed: 745209588649444503

23 ChrisAssaf the Magician (level 2, -2/19 HPs)
             Began as a Mummy Fire Elementalist on Nov 27, 2023.
             Was a Follower of Vehumet.
             Slain by an endoplasm (3 damage)
             ... on level 2 of the Dungeon.
             The game lasted 00:04:47 (776 turns).

ChrisAssaf the Magician (Mummy Fire Elementalist)    Turns: 776, Time: 00:04:47

Health: -2/19      AC:  2    Str: 11    XL:     2   Next: 75%
Magic:  0/6        EV: 12    Int: 14    God:    Vehumet [*.....]
Gold:   36         SH:  0    Dex: 12    Spells: 3/7 levels left

rFire   x . .        (no weapon)
rCold   + . .        (no shield)
rNeg    + + +        a - +0 robe
rPois   ∞            (no helmet)
rElec   .            (no cloak)
rCorr   .            (no gloves)
SInv    .            (no boots)
Will    .....        (no amulet)
Stlth   ++           (no ring)
HPRegen 0.23/turn    (no ring)
MPRegen 0.10/turn

%: faith
@: no status effects
A: cold resistance 1, negative energy resistance 3, torment resistance 2, heat
vulnerability 1, no potions, faith
a: Renounce Religion


You were on level 2 of the Dungeon.
You worshipped Vehumet.
Vehumet was aware of your devotion.
You visited 1 branch of the dungeon, and saw 2 of its levels.

You collected 36 gold pieces.

Inventory:

Armour
 a - a +0 robe (worn)
Scrolls
 b - a scroll of identify
 c - a scroll of enchant weapon


   Skills:
 + Level 0.2 Fighting
 * Level 0.2 Armour
 * Level 1.8 Dodging
 * Level 1.8 Stealth
 * Level 3.1 Spellcasting
 * Level 0.8 Conjurations
 * Level 2.7 Fire Magic


You had 3 spell levels left.
You knew the following spells:

 Your Spells              Type           Power      Damage    Failure   Level
a - Foxfire               Conj/Fire      28%        2x1d5     10%         1
b - Scorch                Fire           18%        2d6       11%         2
c - Freeze                Ice            8%         1d3       22%         1

Your spell library contained the following spells:

 Spells                   Type           Power      Damage    Failure   Level
 Cigotuvi's Dreadful Rot  Necr/Pois/Air  4%         N/A       32%         2
 Inner Flame              Hex/Fire       6%         N/A       36%         3
 Volatile Blastmotes      Fire/Tloc      12%        2d11      36%         3
 Ignite Poison            Fire/Tmut/Pois 4%         N/A       41%         3
 Flame Wave               Conj/Fire      7%         2d5       69%         4
 Freezing Cloud           Conj/Ice/Air   1%         6-21      99%         5


Dungeon Overview and Level Annotations

Branches:
Dungeon (2/15)

Altars:
Vehumet

Shops:
D:1 ?


Innate Abilities, Weirdness & Mutations

You are immune to poison.
Your flesh is cold resistant. (rC+)
You are immune to negative energy. (rN+++)
You are immune to unholy pain and torment.
You are vulnerable to heat. (rF-)
You do not drink.
You have a special connection with the divine. (Faith)


Message History

The adder closely misses you. The adder attacks as you move away!
The adder completely misses you. The endoplasm hits you.
The adder attacks as you move away! The adder bites you.
The adder closely misses you. The adder attacks as you move away!
The adder bites you.
* * * LOW HITPOINT WARNING * * *
Casting: Foxfire (safe; 10% risk of failure)
Confirm with . or Enter, or press ? or * to list all spells.
You conjure some foxfire!
The adder bites you but does no damage. The endoplasm freezes you.
You are frozen.
You resist. The adder attacks as you move away! The adder misses you.
The foxfire hits the adder.
The adder is moderately wounded.
The foxfire hits the adder.
The adder is severely wounded.
The adder completely misses you.
You see here a +0 pair of boots.
The endoplasm attacks as you move away!
The endoplasm hits you but does no damage.
You hit the endoplasm.
The endoplasm is heavily wounded.
The adder closely misses you. The endoplasm hits you.
* * * LOW HITPOINT WARNING * * *
The adder barely misses you. The endoplasm attacks as you move away!
The endoplasm closely misses you. The endoplasm closely misses you.
The adder attacks as you move away! The adder closely misses you.
The adder attacks as you move away! The adder misses you.
The endoplasm attacks as you move away! The endoplasm closely misses you.
The adder bites you but does no damage.
Casting: Foxfire (safe; 10% risk of failure)
Confirm with . or Enter, or press ? or * to list all spells.
You conjure some foxfire!
The adder misses you. The endoplasm barely misses you.
The adder attacks as you move away! The adder bites you.
* * * LOW HITPOINT WARNING * * *
The endoplasm attacks as you move away! The endoplasm hits you.
You die...

#...###...#.####...#######.####
# ..###.###)#..<.#...# #....###
..)w........).†##### ####...#
....##).###....###### ###..
###.................# #####.
##########........# #.....
##........# #..... #....wv...#
#..... #....S@...# #.....
#....Jv...# #..... #.[..######
#..... #....# #..... #....#
#.#### ###### #.#≈.. # #≈..
#≈.. #≈..


You could see a worm, an adder (ally target) and an endoplasm.

Vanquished Creatures
  4 ball pythons
  3 endoplasms
  2 goblins (D:2)
  3 hobgoblins (D:2)
  3 kobolds
  A quokka (D:1)
  A bat (D:2)
  A frilled lizard (D:2)
  3 rats
21 creatures vanquished.

Vanquished Creatures (others)
  33 foxfires
33 creatures vanquished.

Grand Total: 54 creatures vanquished

Notes
Turn   | Place    | Note
-------+----------+-------------------------------------------
     0 | D:1      | ChrisAssaf the Mummy Fire Elementalist began the quest for
                  | the Orb.
     0 | D:1      | Reached XP level 1. HP: 13/13 MP: 4/4
   253 | D:1      | Found Cocw's Magic Scroll Shoppe.
   285 | D:1      | Reached XP level 2. HP: 19/19 MP: 3/5
   288 | D:1      | Learned a level 2 spell: Scorch
   523 | D:2      | Found a faded altar of an unknown god.
   571 | D:2      | Prayed at the altar of an unknown god.
   571 | D:2      | Became a worshipper of Vehumet
   571 | D:2      | Reached * piety under Vehumet
   571 | D:2      | Offered knowledge of Freeze by Vehumet.
   574 | D:2      | Learned a level 1 spell: Freeze
   740 | D:2      | Reached skill level 3 in Spellcasting
   776 | D:2      | Slain by an endoplasm

Illustrated notes

Levels and vault maps discovered:
D:1:      dpeg_arrival_water_temple_mockup, layout_rooms, serial_shops,
          nicolae_shop_trees
D:2:      layout_basic, chequers_ecumenical_altar_simple, serial_rivers,
          chequers_serial_rivers_large_a, chequers_serial_rivers_micro_b,
          chequers_serial_rivers_room_a, chequers_serial_rivers_small_3,
          chequers_serial_rivers_micro_d, chequers_serial_rivers_room_a,
          minivault_24, minmay_indecisive_spiral

Skill      XL: |  1  2 |
---------------+-------+-----
Spellcasting   | 3 |  3.1
Fighting       | |  0.2
Armour         | |  0.2
Dodging        | |  1.8
Stealth        | |  1.8
Conjurations   | |  0.8
Fire Magic     | |  2.7

Action                     || total
---------------------------++-------
  Melee: Unarmed           ||     3
   Cast: Foxfire           ||    20
         Scorch            ||     7
    Use: Scroll            ||     1
 Armour: Robe              ||    17
  Dodge: Dodged            ||    66
